AoeStats
← hello

Fortified Clearing

518737653Analyzed
4v4 RM · 12d ago on Nov 4, 2026· 51m 36s· 8 players
Game mode
Random Map
Map size
Large (8 player)
Population
200
Speed
Normal
Resources
Standard
Victory
Conquest
Starting age
Dark Age
Ending age
Imperial Age
RankedLock teamsTeams togetherTeam positionsShared explorationLock speedFull tech treeHidden civsTurbo modeCheats
Victory
Defeat
🇩🇪 Bohemians · Germany
999
+15
🇫🇮 Hindustanis · Finland
969
+16
🇪🇸 Cumans · Spain
960
+16
🇹🇷 Celts · Türkiye
933
+17
vs
🇪🇸 Mongols · Spain
1027
-18
🇹🇼 Franks · Taiwan
972
-16
🇹🇼 Cumans · Taiwan
971
-16
🇮🇳 Poles · India
904
-21
◄ Bikar ►
5:53 Loom
11:06 Feudal Age
16:35 Horse Collar
24:36 Castle Age
22:23 Town Watch
23:38 Wheelbarrow
24:00 Scale Mail Armor
24:11 Forging
24:50 Pikeman
25:44 Squires
26:35 Chain Mail Armor
26:56 Iron Casting
27:13 Double-Bit Axe
27:30 Heavy Plow
31:25 Hand Cart
36:29 Imperial Age
36:16 Capped Ram
37:55 Bow Saw
38:11 Conscription
38:34 Plate Mail Armor
39:04 Blast Furnace
39:59 Chemistry
39:21 Ballistics
38:58 Murder Holes
39:57 Halberdier
42:59 Arson
43:42 Conscription
48:20 Caravan
50:39 Bloodlines
52:05 Scale Barding Armor
51:51 Fletching
Apollo
12:02 Feudal Age
12:36 Feudal Age
10:52 Loom
17:27 Castle Age
15:40 Double-Bit Axe
16:07 Horse Collar
18:31 Heavy Plow
18:43 Bow Saw
20:04 Wheelbarrow
20:12 Fervor
25:10 Elite Skirmisher
36:29 Imperial Age
36:35 Chemistry
35:40 Fletching
35:52 Padded Archer Armor
35:41 Pikeman
36:22 Squires
37:43 Conscription
40:16 Two-Man Saw
41:00 Wagenburg Tactics
41:38 Leather Archer Armor
41:29 Scale Barding Armor
41:35 Forging
41:17 Fletching
41:28 Scale Mail Armor
41:35 Houfnice
43:16 Hand Cart
44:06 Ballistics
43:51 Siege Engineers
46:23 Light Cavalry
47:03 Husbandry
49:37 Elite Hussite Wagon
50:24 Hussite Reforms
52:09 Murder Holes
52:24 Masonry
Mozart
10:21 Feudal Age
8:55 Loom
15:40 Castle Age
14:29 Horse Collar
14:36 Double-Bit Axe
16:55 Bow Saw
19:25 Stone Mining
23:06 Wheelbarrow
25:09 Scale Barding Armor
26:34 Hand Cart
27:04 Forging
28:01 Stone Shaft Mining
27:17 Gold Mining
27:18 Town Watch
30:55 Imperial Age
28:49 Chain Barding Armor
31:04 Heavy Camel Rider
31:55 Bloodlines
31:50 Husbandry
32:28 Plate Barding Armor
32:28 Iron Casting
32:10 Town Patrol
32:51 Gold Shaft Mining
33:19 Conscription
33:12 Masonry
33:18 Imperial Camel Rider
33:55 Fletching
38:26 Blast Furnace
37:28 Padded Archer Armor
37:59 Heavy Plow
39:33 Siege Engineers
40:07 Siege Elephant
49:58 Murder Holes
50:27 Leather Archer Armor
50:08 Bodkin Arrow
50:00 Arson
ryioze
14:19 Feudal Age
14:49 Double-Bit Axe
15:45 Stone Mining
15:45 Gold Mining
18:01 Loom
20:40 Castle Age
20:55 Forging
23:04 Bow Saw
24:40 Iron Casting
24:06 Scale Mail Armor
24:08 Gold Mining
31:02 Gambesons
31:18 Horse Collar
33:23 Heavy Plow
36:33 Imperial Age
36:56 Chain Mail Armor
38:37 Blast Furnace
38:08 Plate Mail Armor
39:02 Elite Woad Raider
41:59 Gold Shaft Mining
41:40 Masonry
42:16 Arson
42:47 Caravan
46:05 Pikeman
46:50 Halberdier
49:33 Capped Ram
Ragismo
0:26 Loom
9:43 Feudal Age
12:24 Double-Bit Axe
17:59 Castle Age
17:01 Town Watch
19:08 Wheelbarrow
18:31 Fletching
18:59 Bow Saw
19:15 Padded Archer Armor
20:01 Horse Collar
21:21 Gold Mining
26:21 Hand Cart
29:59 Heavy Plow
30:18 Thumb Ring
30:10 Bodkin Arrow
30:31 Leather Archer Armor
31:48 Forging
31:38 Scale Mail Armor
33:50 Stone Mining
34:35 Gold Shaft Mining
34:32 Bloodlines
34:23 Husbandry
34:42 Scale Barding Armor
37:37 Iron Casting
38:05 Stone Shaft Mining
38:33 Pikeman
40:34 Squires
43:09 Imperial Age
43:20 Imperial Age
40:45 Arson
hello
4:45 Loom
8:57 Feudal Age
9:38 Double-Bit Axe
10:26 Horse Collar
15:14 Loom
17:49 Wheelbarrow
21:13 Castle Age
21:11 Bloodlines
21:41 Scale Barding Armor
21:52 Gold Mining
22:51 Heavy Plow
23:04 Bow Saw
23:33 Forging
28:46 Stone Mining
28:46 Light Cavalry
30:39 Gold Shaft Mining
30:42 Chain Barding Armor
33:08 Imperial Age
33:18 Imperial Age
33:16 Ballistics
33:36 Hussar
35:02 Steppe Husbandry
35:41 Plate Barding Armor
37:19 Iron Casting
36:53 Caravan
36:53 Elite Steppe Lancer
38:50 Steppe Husbandry
39:12 Conscription
41:17 Town Watch
47:01 Fletching
48:11 Blast Furnace
47:31 Herbal Medicine
48:01 Onager
blueberry
0:41 Loom
12:54 Feudal Age
19:23 Castle Age
34:33 Imperial Age
32:39 Wheelbarrow
31:49 Town Watch
32:12 Husbandry
31:33 Light Cavalry
32:35 Forging
32:35 Scale Barding Armor
34:43 Cavalier
35:54 Conscription
35:57 Chain Barding Armor
36:13 Iron Casting
36:08 Double-Bit Axe
36:25 Gold Mining
36:25 Stone Mining
39:11 Gold Shaft Mining
38:51 Bow Saw
39:14 Paladin
41:58 Chivalry
42:34 Hoardings
42:40 Plate Barding Armor
43:16 Hand Cart
43:01 Town Patrol
44:36 Blast Furnace
KeanuW1ck
8:44 Loom
11:00 Feudal Age
11:34 Double-Bit Axe
11:50 Horse Collar
18:31 Wheelbarrow
17:42 Town Watch
20:39 Castle Age
18:27 Town Watch
21:36 Forging
21:31 Scale Barding Armor
23:23 Hand Cart
23:12 Heavy Plow
23:24 Bow Saw
23:38 Town Patrol
24:32 Iron Casting
24:18 Chain Barding Armor
25:51 Husbandry
26:01 Bloodlines
25:16 Light Cavalry
29:19 Fletching
39:41 Imperial Age
37:32 Gold Mining
37:35 Stone Mining
39:12 Szlachta Privileges
39:01 Treadmill Crane
40:18 Murder Holes
40:10 Arrowslits
41:26 Chemistry
40:47 Ballistics
40:33 Siege Engineers
40:41 Masonry
40:19 Winged Hussar
41:49 Cavalier
44:34 Bodkin Arrow
45:42 Blast Furnace
45:25 Crop Rotation
Connection lost

Rejoining the realm…

Still unreachable

The connection could not be restored.

Session expired

The server has moved on; the page needs a fresh start.